 Dungeon Crawl Stone Soup version 0.16-a0-3228-ge148b08 (webtiles) character file.

116430 myeffort the Earth Mage (level 16, -12/115 HPs)
             Began as a Deep Dwarf Earth Elementalist on Dec 21, 2014.
             Was the Champion of Makhleb.
             Mangled by an Executioner (18 damage)
             ... summoned by a deep elf demonologist
             ... on level 3 of the Elven Halls.
             The game lasted 03:36:26 (44252 turns).

myeffort the Earth Mage (DDEE)                     Turns: 44252, Time: 03:36:26

Health: -12/115    AC: 14    Str: 13    XL:     16   Next: 20%
Magic:  18/33      EV: 17    Int: 33    God:    Makhleb [******]
Gold:   218        SH:  0    Dex: 18    Spells: 7 memorised, 1 level left

rFire  + . .     SeeInvis +     a - staff of conjuration
rCold  + . .     Clarity  +     F - +5 ring mail of Pantheism {Stlth+}
rNeg   + . .     SustAb   .     (no shield)
rPois  +         Gourm    .     (no helmet)
rElec  +         Spirit   .     E - +0 cloak {rPois}
rCorr  +         Warding  .     D - +2 pair of gloves of Huxodo {Int+4}
rMut   .         Stasis   .     (no boots)
MR     ++...                    X - amulet of clarity
Stlth  ++++++++..               L - +2 ring of intelligence
                                G - ring "Mubop" {+Inv SInv}

@: brilliant, agile, about to teleport, resistant, non-regenerating, very
resistant to hostile enchantments, extraordinarily stealthy
A: damage resistance, recharge devices, negative energy resistance 1, sense
surroundings 2, slow healing 3
a: Device Recharging, Minor Destruction, Lesser Servant of Makhleb, Major
Destruction, Greater Servant of Makhleb, Renounce Religion, Evoke Invisibility


You were on level 3 of the Elven Halls.
You worshipped Makhleb.
Makhleb was exalted by your worship.
You were not hungry.

You visited 5 branches of the dungeon, and saw 31 of its levels.
You also visited: Sewer.

You collected 3244 gold pieces.
You spent 3026 gold pieces at shops.

Inventory:

Missiles
 b - 231 stones (quivered)
Armour
 x - a +2 buckler
 D - the +2 pair of gloves of Huxodo (worn) {Int+4}
   (You bought it in a shop on level 2 of the Elven Halls)

   It affects your intelligence (+4).
 E - a +0 cloak of poison resistance (worn)
 F - the +5 ring mail of Pantheism (worn) {Stlth+}
   (You bought it in a shop on level 12 of the Dungeon)

   It makes you more stealthy.
Magical staves
 a - an uncursed staff of conjuration (weapon)
Jewellery
 j - an uncursed ring of flight
 t - an uncursed amulet of resist corrosion
 y - an uncursed ring of see invisible
 G - the ring "Mubop" (left hand) {+Inv SInv}
   (You found it on level 5 of the Dungeon)

   [ring of see invisible]

   It enhances your eyesight.
   It lets you turn invisible.
 L - a +2 ring of intelligence (right hand)
 Q - an uncursed ring of sustain abilities
 X - an amulet of clarity (around neck)
Magical devices
 c - a wand of paralysis (11)
 d - a wand of polymorph (11)
 e - a wand of cold (5)
 i - a wand of confusion (14)
 k - a wand of heal wounds (3)
 o - a wand of fire (6)
 r - a wand of disintegration (10)
 H - a wand of enslavement (12)
 O - a wand of teleportation (3)
 Y - a wand of digging (8)
Scrolls
 f - a scroll of enchant armour
 l - 2 scrolls of brand weapon {unknown}
 m - 7 scrolls of fog
 n - a scroll of identify
 q - 3 scrolls of fear
 u - 3 scrolls of immolation
 v - a scroll of blinking
 I - 4 scrolls of magic mapping
 J - a scroll of silence
 K - 2 scrolls of teleportation
 W - a scroll of holy word
Potions
 h - 2 potions of haste
 s - 9 potions of curing
 w - 3 potions of heal wounds
 z - 2 potions of magic
 B - a potion of agility
 N - 3 potions of resistance
 V - a potion of cancellation
 Z - 3 potions of brilliance
Books
 g - a book of Battle

   Spells                             Type                      Level
   a - Infusion                       Charms                       1
   b - Shroud of Golubria             Charms/Translocation         2
   c - Song of Slaying                Charms                       2
   d - Spectral Weapon                Hexes/Charms                 3
   e - Regeneration                   Charms/Necromancy            3
Miscellaneous
 A - a stone of tremors (inert, charging)
Comestibles
 C - 3 meat rations
 M - a slice of pizza


   Skills:
 - Level 2.1 Armour
 - Level 2.8 Dodging
 - Level 16.0 Stealth
 - Level 6.1 Spellcasting
 - Level 10.0 Conjurations
 - Level 0.8 Transmutations
 + Level 20.5 Earth Magic
 - Level 15.0 Invocations
 - Level 15.0 Evocations


You had one spell level left.
You knew the following spells:

 Your Spells              Type           Power        Failure   Level  Hunger
a - Sandblast             Erth           ######       0%          1    None
b - Stone Arrow           Conj/Erth      ######       1%          3    None
c - Iron Shot             Conj/Erth      ########..   1%          6    ######.
d - Iskenderun's Battles  Conj/Chrm      #######.     2%          5    ####...
e - Stoneskin             Trmt/Erth      #######.     1%          2    None
f - Petrify               Trmt/Erth      #######.     1%          4    ##.....
g - Lee's Rapid Deconstr  Erth           ########..   1%          5    ####...


Dungeon Overview and Level Annotations

Branches:
Dungeon (14/15)            Temple (0/1) D:7            Lair (8/8) D:9
 Shoals (0/5) Lair:5        Snake (2/5) Lair:4        Slime (0/6) Lair:7
    Orc (4/4) D:12            Elf (3/3) Orc:3
 Vaults: D:13-14

Altars:
Cheibriados
Elyvilon
Fedhas
Gozag
Kikubaaqudgha
Makhleb
Okawaru
Ru
Sif Muna
Trog
Xom
Yredelemnul
Zin
Jiyva

Shops:
D:5 *   D:10 (   D:12 [[*%:   D:13 (   Orc:1 [*!   Orc:4 ::?%   Elf:2 [
Elf:3 }

Portals:
Hell: Lair:8

Annotations:
D:5 exclusion: centaur
D:10 1 exclusion
D:11 Nergalle
Lair:5 exclusions: merfolk and siren
Elf:2 runed door, exclusions: 3 doors and 2 more exclusions


Innate Abilities, Weirdness & Mutations

You are resistant to damage.
You can recharge devices by infusing magical energy.
You resist negative energy.
You passively map the area around you.
You do not heal naturally.


Message History

* * * LOW HITPOINT WARNING * * *
The Executioner hits you but does no damage.
The Executioner hits you. The Executioner closely misses you.
The Executioner hits you. The Executioner barely misses you.
The Executioner hits you!
* * * LOW HITPOINT WARNING * * *
The Executioner hits you but does no damage.
The Executioner misses you.
The Executioner hits you but does no damage.
The Executioner barely misses you. The Executioner hits you.
* * * LOW HITPOINT WARNING * * *
The tormentor calls on the powers of darkness!
The deep elf demonologist convulses! x3
Your body is wracked with pain!
* * * LOW HITPOINT WARNING * * *
The balrug gestures at you. Something smites you!
* * * LOW HITPOINT WARNING * * *
The Executioner hits you!!
You die...

,,,,,,,,,,###.......###,,,,,,,,,,
,,,,,,,,,*#....443....#*,,,,,,,,,
,,,*,,,,,*#..........!#*,,,,,*,,,
,,**,,,,,*#.....e1....#*,,,,***,,
,,,*,,,,,*#......2....#*,,,,,*,,,
,,,,,,,,,*#.....e2e.ยง.#*,,,,,,,,,
,,,,,,,,,*#...).1.....#*,,,,,,,,,
,,,,,,,***###...11..###***,,,,,,,
*,,,,,** ##..@1.## **,,,,,*
***,*** ###4### ***,*** *** #E#
*** #########E#
#.......#.########### #
##...................# ##
#........)...PPP.PPP.# .#
##..........#.PPP.PPP.# .#
#...........#.PPP.PPP.#


You could see a Hell Sentinel, an Ice Fiend, a balrug, 3 Executioners, a soul
eater, 3 deep elf demonologists, a rust devil, a tormentor, a blue devil, a red
devil and 2 friendly earth elementals.

Vanquished Creatures
  Maud (D:13)
  An orc warlord (D:13)
  Fannar (Orc:2)
  An ironheart preserver (D:13)
  A deep elf high priest (Elf:3)
  A naga warrior (Snake:1)
  4 hydras
  Nessos (Orc:4)
  2 centaur warriors (D:13)
  A death yak (Lair:8)
  Erica (D:11)
  4 ogre magi (Orc:4)
  3 dancing weapons (Elf:1)
  An anaconda (Snake:1)
  4 naga sharpshooters (Snake:1)
  An orc high priest (Orc:4)
  A shock serpent (Snake:1)
  3 skeletal warriors (D:14)
  16 deep elf knights
  A wizard (Lair:8)
  4 hill giants
  10 deep elf summoners
  3 orc knights
  16 deep elf conjurers
  2 mana vipers (Snake:1)
  A salamander (Snake:1)
  3 ugly things
  2 cyclopes (D:13)
  2 elephants (Lair:6)
  3 griffons
  Joseph (D:13)
  A torpor snail (Lair:6)
  A centaur zombie (D:14)
  2 gargoyles
  12 black mambas
  A naga mage (Snake:1)
  12 komodo dragons
  3 fire drakes
  17 spiny frogs
  5 trolls
  9 deep elf priests
  A kobold demonologist (Sewer)
  An efreet (D:13)
  A guardian mummy (D:13)
  Sonja (D:11)
  Grinder (D:3)
  18 two-headed ogres
  A polar bear (Lair:1)
  A raiju (shapeshifter) (D:13)
  A blue devil (Lair:8)
  3 slime creatures
  10 blink frogs
  3 wyverns
  3 shadows
  4 basilisks
  20 yaks
  A yak (shapeshifter) (Elf:2)
  25 deep elf magi
  7 hippogriffs
  A neqoxec (Elf:3)
  6 wargs
  20 deep elf fighters
  9 nagas
  A hungry ghost (D:13)
  16 orc warriors
  16 porcupines
  7 sky beasts
  12 ice beasts
  31 ogres
  A necrophage (D:6)
  A boring beetle (Lair:8)
  8 centaurs
  19 water moccasins
  A black bear (D:7)
  3 phantoms
  13 crocodiles
  An eye of draining (D:8)
  2 big kobolds (Sewer)
  2 brain worms
  A gnoll sergeant (D:12)
  21 giant frogs
  2 wyvern zombies
  2 scorpions
  14 wights
  5 jellies
  4 killer bees
  6 electric eels (D:12)
  11 crimson imps
  4 goliath beetles
  A centaur skeleton (D:12)
  13 hounds
  2 giant frog skeletons (D:5)
  20 orc priests
  2 quasits
  17 iguanas
  2 giant frog zombies
  35 orc wizards
  8 worker ants
  4 big kobold zombies (Sewer)
  Ijyb (D:5)
  9 sheep
  7 gnolls
  2 worker ant zombies
  82 river rats
  29 adders
  9 shadow imps
  5 giant mites
  A white imp (Elf:3)
  4 worms
  3 ufetubi (Sewer)
  An adder zombie (D:5)
  11 oozes
  201 orcs
  3 bat skeletons
  3 bat zombies
  19 hobgoblins
  27 kobolds
  2 ball pythons (D:4)
  21 bats
  12 giant cockroaches
  A giant cockroach zombie (Sewer)
  4 giant geckos
  A giant mite zombie (Sewer)
  4 giant newts
  A giant spore (D:8)
  2 gnoll zombies (D:4)
  21 goblins
  6 jackals
  2 kobold zombies (Sewer)
  12 quokkas
  A quokka skeleton (D:9)
  32 rats
  6 ballistomycetes (D:8)
  2 crawling corpses (Elf:2)
  2 fungi
1154 creatures vanquished.

Vanquished Creatures (collateral kills)
  A deep elf sorcerer (Elf:1)
  An orc warlord (D:13)
  A dire elephant (Lair:8)
  A dancing weapon (Elf:1)
  5 death yaks (Lair:8)
  4 deep elf knights
  A deep elf summoner (Elf:1)
  3 deep elf conjurers (Elf:1)
  An elephant (Lair:6)
  A sixfirhy (Lair:8)
  A smoke demon (Lair:8)
  A komodo dragon (Lair:8)
  A spiny frog (Lair:8)
  3 orange demons (Lair:8)
  A hellwing (Lair:8)
  2 deep elf priests (Elf:1)
  A red devil (Lair:8)
  4 blue devils (Lair:8)
  5 deep elf magi (Elf:1)
  A deep elf fighter (Elf:1)
  A porcupine (Lair:6)
  A hell hound (Lair:8)
  A crocodile (Lair:8)
  An orc (Orc:2)
  A fungus (Lair:7)
44 creatures vanquished.

Vanquished Creatures (others)
  An Executioner (Lair:8)
  4 balrugs
  A blizzard demon (D:13)
  A green death (Lair:8)
  A deep elf knight (D:13)
  2 spiny frogs (Lair:8)
  An elephant (Lair:6)
  An orange demon (Elf:2)
  5 sheep (Lair:2)
  A kobold zombie (Sewer)
  17 fungi
  A plant (Lair:6)
36 creatures vanquished.

Grand Total: 1234 creatures vanquished

Notes
Turn   | Place    | Note
--------------------------------------------------------------
     0 | D:1      | myeffort, the Deep Dwarf Earth Elementalist, began the quest for the Orb.
     0 | D:1      | Reached XP level 1. HP: 15/15 MP: 2/2
   325 | D:1      | Reached XP level 2. HP: 22/22 MP: 2/4
   568 | D:2      | Found a sacrificial altar of Ru.
   601 | D:2      | Reached XP level 3. HP: 26/28 MP: 3/6
   873 | D:2      | Reached skill level 5 in Earth Magic
  1063 | D:2      | Learned a level 2 spell: Stoneskin
  1067 | D:2      | Learned a level 3 spell: Stone Arrow
  1173 | D:2      | Reached XP level 4. HP: 32/36 MP: 3/7
  1673 | D:3      | Reached skill level 5 in Stealth
  1673 | D:3      | Reached XP level 5. HP: 33/42 MP: 3/9
  1941 | D:3      | Noticed Grinder
  1949 | D:3      | Gained mutation: You have sharp toenails. [potion of mutation]
  1949 | D:3      | Gained mutation: You are dopey. (Int -2) [potion of mutation]
  1949 | D:3      | Gained mutation: You are very dopey. (Int -4) [potion of mutation]
  1958 | D:3      | Killed Grinder
  1958 | D:3      | Reached skill level 6 in Stealth
  1958 | D:3      | Reached skill level 7 in Earth Magic
  1958 | D:3      | Reached XP level 6. HP: 38/49 MP: 10/10
  2459 | D:4      | Found a shimmering altar of Xom.
  2459 | D:4      | Noticed an angel
  2463 | D:4      | Found a glowing silver altar of Zin.
  2686 | D:4      | Found a basalt altar of Yredelemnul.
  2844 | D:4      | Found a sacrificial altar of Ru.
  2914 | D:4      | Found a glowing drain.
  2932 | Sewer    | Entered a sewer
  2982 | Sewer    | Reached XP level 7. HP: 35/55 MP: 8/12
  3123 | Sewer    | Reached skill level 8 in Earth Magic
  3145 | Sewer    | Found a burning altar of Makhleb.
  3195 | Sewer    | Became a worshipper of Makhleb the Destroyer
  3370 | Sewer    | Noticed an apprentice kobold demonologist
  3381 | Sewer    | Killed an apprentice kobold demonologist
  3381 | Sewer    | Reached skill level 9 in Stealth
  3381 | Sewer    | Reached XP level 8. HP: 29/62 MP: 4/13
  3613 | D:4      | Acquired Makhleb's first power
  3781 | D:5      | Entered Level 5 of the Dungeon
  3820 | D:5      | Found Gozag's Platinum Reserve.
  3837 | D:5      | Found an opulent altar of Gozag.
  4063 | D:5      | Reached skill level 10 in Earth Magic
  4070 | D:5      | Learned a level 5 spell: Lee's Rapid Deconstruction
  4076 | D:5      | Got a brightly glowing granite ring
  4077 | D:5      | Identified the ring "Mubop" {+Inv SInv} (You found it on level 5 of the Dungeon)
  4232 | D:5      | Lost mutation: You are very dopey. (Int -4) [potion of cure mutation]
  4232 | D:5      | Lost mutation: You are dopey. (Int -2) [potion of cure mutation]
  4232 | D:5      | Lost mutation: You have sharp toenails. [potion of cure mutation]
  4331 | D:5      | Acquired Makhleb's second power
  4353 | D:5      | Reached skill level 10 in Stealth
  4459 | D:5      | Noticed Ijyb
  4487 | D:5      | Killed Ijyb
  4549 | D:5      | Found a snail-covered altar of Cheibriados.
  4853 | D:6      | Found an ancient bone altar of Kikubaaqudgha.
  4967 | D:6      | Reached skill level 11 in Earth Magic
  5035 | D:6      | Gained mutation: You passively map the area around you. [level up]
  5035 | D:6      | Reached XP level 9. HP: 44/68 MP: 8/14
  5313 | D:6      | Acquired Makhleb's third power
  5477 | D:7      | Found a bloodstained altar of Trog.
  5477 | D:7      | Found an iron altar of Okawaru.
  5682 | D:7      | Reached skill level 12 in Earth Magic
  5877 | D:7      | Found a burning altar of Makhleb.
  5978 | D:7      | Found a staircase to the Ecumenical Temple.
  6498 | D:8      | Acquired Makhleb's fourth power
  6538 | D:8      | Reached skill level 13 in Earth Magic
  6701 | D:8      | Found a sacrificial altar of Ru.
  6855 | D:8      | Reached XP level 10. HP: 65/75 MP: 11/16
  6929 | D:8      | Reached skill level 1 in Invocations
  6929 | D:8      | Reached skill level 1 in Evocations
  7371 | D:8      | Found a deep blue altar of Sif Muna.
  7728 | D:9      | Found a blossoming altar of Fedhas.
  8170 | D:9      | Acquired Makhleb's fifth power
  8335 | D:9      | Found a staircase to the Lair.
  8439 | D:9      | Reached skill level 5 in Evocations
  8496 | D:9      | Reached skill level 5 in Invocations
  8587 | D:10     | Entered Level 10 of the Dungeon
  9105 | D:10     | Noticed a hill giant
  9151 | D:10     | Reached skill level 14 in Earth Magic
  9716 | D:10     | Noticed a hill giant
  9881 | D:10     | Found Riducool's Weapon Boutique.
  9884 | D:10     | Bought 26 stones for 31 gold pieces
  9943 | Lair:1   | Entered Level 1 of the Lair of Beasts
 10214 | Lair:1   | Reached XP level 11. HP: 25/81 MP: 5/20
 11150 | Lair:1   | Reached skill level 15 in Earth Magic
 11611 | Lair:1   | Reached skill level 15 in Stealth
 12158 | Lair:2   | Identified the Incunabulum of Destiny (You found it on level 2 of the Lair of Beasts)
 12574 | Lair:2   | Found a shimmering altar of Xom.
 14579 | Lair:3   | Reached XP level 12. HP: 88/88 MP: 1/24
 15678 | Lair:3   | Reached skill level 16 in Stealth
 15678 | Lair:3   | Reached skill level 10 in Evocations
 15959 | Lair:4   | Found a staircase to the Snake Pit.
 17291 | Lair:5   | Reached skill level 10 in Invocations
 17555 | Lair:5   | Found a staircase to the Shoals.
 19707 | Lair:7   | Found a viscous altar of Jiyva.
 19708 | Lair:7   | Found a staircase to the Slime Pits.
 20197 | Lair:7   | Reached XP level 13. HP: 84/94 MP: 1/28
 20209 | Lair:7   | Found a basalt altar of Yredelemnul.
 20823 | Lair:1   | Identified a scroll of acquirement
 20979 | Lair:8   | Entered Level 8 of the Lair of Beasts
 21411 | Lair:8   | Noticed an Executioner
 21626 | Lair:8   | Noticed a dire elephant
 21882 | D:10     | Killed a hill giant
 22042 | D:10     | Killed a hill giant
 22456 | D:11     | Noticed Erica
 22709 | D:11     | Found a white marble altar of Elyvilon.
 22837 | D:11     | Noticed Nergalle
 22953 | D:11     | Noticed Sonja
 22955 | D:11     | Killed Sonja
 23337 | D:11     | Killed Erica
 23636 | D:12     | Found a staircase to the Orcish Mines.
 23791 | D:12     | Found Cuiw Osm's General Store.
 23793 | D:12     | Found Frugofac's Antique Armour Shoppe.
 23795 | D:12     | Bought 21 stones for 27 gold pieces
 23795 | D:12     | Bought 12 stones for 15 gold pieces
 23798 | D:12     | Found Ihiaruz's Antique Armour Emporium.
 23810 | D:12     | Bought a crude leather armour for 252 gold pieces
 23820 | D:12     | Identified the -4 leather armour of Parlour Games {SInv Curse} (You bought it in a shop on level 12 of the Dungeon)
 23829 | D:12     | Bought a transparent ring mail for 324 gold pieces
 23834 | D:12     | Identified the cursed +5 ring mail of Pantheism {Stlth+} (You bought it in a shop on level 12 of the Dungeon)
 23906 | D:12     | Found Qorovubb's Food Boutique.
 24174 | D:12     | Found Ghufiw Ownu's Book Shoppe.
 24385 | D:13     | Reached skill level 15 in Evocations
 24474 | D:13     | Found Ecaga's Weapon Emporium.
 24482 | D:13     | Bought 15 stones for 19 gold pieces
 24482 | D:13     | Bought 26 stones for 33 gold pieces
 24516 | D:13     | Reached skill level 1 in Armour
 24535 | D:13     | Noticed an orc warlord
 24833 | D:13     | Noticed an orc warlord
 24843 | D:13     | Noticed Maud
 25569 | Lair:8   | Reached skill level 15 in Invocations
 25667 | Lair:8   | Reached skill level 1 in Conjurations
 26348 | Lair:8   | Noticed a dire elephant
 26371 | Lair:8   | Killed a dire elephant
 26407 | Lair:8   | Found a burning altar of Makhleb.
 26483 | Lair:8   | Gained mutation: You resist negative energy. [level up]
 26483 | Lair:8   | Reached XP level 14. HP: 62/102 MP: 14/31
 26526 | Lair:8   | Found a gateway to Hell.
 27043 | Orc:1    | Entered Level 1 of the Orcish Mines
 27433 | Orc:1    | Found Uxeen's Assorted Antiques.
 27468 | Orc:1    | Bought a scroll labeled METORCH UHEGEPU for 25 gold pieces
 28440 | Lair:1   | Learned a level 4 spell: Petrify
 28603 | Orc:3    | Found a staircase to the Elven Halls.
 29647 | Orc:2    | Noticed Fannar
 29724 | Orc:2    | Killed Fannar
 29855 | Orc:1    | Found Winat's Distillery.
 30005 | Orc:1    | Bought a potion of heal wounds for 55 gold pieces
 30121 | Orc:1    | Found Smexup's Armour Boutique.
 30132 | Orc:1    | Bought a +3 leather armour of poison resistance for 273 gold pieces
 30290 | Orc:4    | Entered Level 4 of the Orcish Mines
 30342 | Orc:4    | Noticed Nessos
 30354 | Orc:4    | Killed Nessos
 30947 | Orc:4    | Reached skill level 5 in Conjurations
 31603 | Orc:4    | Found Twot Hai's Food Emporium.
 31607 | Orc:4    | Found Kurus' Magic Scroll Boutique.
 31608 | Orc:4    | Found Twuacan's Book Boutique.
 31608 | Orc:4    | Found Fobroi's Book Shoppe.
 31634 | Orc:4    | Reached skill level 17 in Earth Magic
 31720 | Orc:4    | Bought a book of the Earth for 910 gold pieces
 31722 | Orc:4    | Bought a scroll of recharging for 123 gold pieces
 32334 | D:13     | Noticed Joseph
 32368 | D:13     | Killed an orc warlord
 32369 | D:13     | Killed Maud
 32377 | D:13     | Learned a level 6 spell: Iron Shot
 33189 | D:13     | Killed Joseph
 33745 | D:13     | Killed an orc warlord
 34557 | D:14     | Learned a level 3 spell: Stone Arrow
 35583 | Snake:1  | Entered Level 1 of the Snake Pit
 35777 | Snake:1  | Reached XP level 15. HP: 108/108 MP: 2/32
 37289 | Snake:1  | Identified Skeitosa's Papyrus of Toxic Shape Shifting
 38019 | Snake:1  | Reached skill level 10 in Conjurations
 38360 | Elf:1    | Entered Level 1 of the Elven Halls
 38884 | Elf:1    | Reached skill level 18 in Earth Magic
 39701 | Elf:1    | Reached skill level 19 in Earth Magic
 40825 | Elf:2    | Reached skill level 5 in Spellcasting
 41440 | Lair:1   | Learned a level 5 spell: Iskenderun's Battlesphere
 41552 | D:12     | Bought a meat ration for 70 gold pieces
 41552 | D:12     | Bought a meat ration for 70 gold pieces
 41552 | D:12     | Bought a meat ration for 70 gold pieces
 41683 | Elf:2    | Found Giop's Armour Emporium.
 41686 | Elf:2    | Bought the +2 pair of gloves of Huxodo {Int+4} for 568 gold pieces
 41686 | Elf:2    | Bought a +0 cloak of poison resistance for 161 gold pieces
 42171 | Elf:2    | Reached XP level 16. HP: 115/115 MP: 18/33
 42764 | Elf:2    | Reached skill level 20 in Earth Magic
 43224 | Elf:2    | Found a huge runed gate.
 43225 | Elf:2    | Found a huge runed gate.
 43228 | Elf:2    | Found a huge runed gate.
 43297 | Elf:3    | Entered Level 3 of the Elven Halls
 43324 | Elf:3    | Found Qajatzakh's Gadget Boutique.
 44248 | Elf:3    | Noticed an Ice Fiend
 44248 | Elf:3    | Noticed a Hell Sentinel
 44252 | Elf:3    | Mangled by an Executioner

Action                   |  1- 3 |  4- 6 |  7- 9 | 10-12 | 13-15 | 16-18 || total
-------------------------+-------+-------+-------+-------+-------+-------++-------
Melee: Unarmed           |     1 |    10 |       |       |       |       ||    11
       Short sword       |     2 |    60 |    82 |       |       |       ||   144
       Whip              |       |       |   246 |   607 |   482 |       ||  1335
       Staff             |       |       |       |       |    48 |       ||    48
 Fire: Blowgun           |       |       |    27 |    14 |       |       ||    41
Throw: Stone             |       |       |       |    12 |     8 |     1 ||    21
 Cast: Sandblast         |    52 |    98 |   143 |    91 |   219 |     1 ||   604
       Stoneskin         |       |     2 |    28 |    36 |    30 |       ||    96
       Lee's Rapid Decon |       |       |     2 |    47 |   142 |    13 ||   204
       Stone Arrow       |       |       |       |   324 |   289 |    18 ||   631
       Iron Shot         |       |       |       |       |   143 |    22 ||   165
       Petrify           |       |       |       |       |    25 |     2 ||    27
       Iskenderun's Batt |       |       |       |       |       |     7 ||     7
Invok: Greater Servant o |       |       |       |       |    15 |     2 ||    17
       Minor Destruction |       |       |       |       |    19 |       ||    19
       Major Destruction |       |       |       |       |     2 |       ||     2
       Lesser Servant of |       |       |       |       |     1 |       ||     1
Evoke: Wand              |       |       |       |    75 |    43 |     1 ||   119
       Stone of tremors  |       |       |       |       |       |     1 ||     1
  Use: Scroll            |       |     3 |       |    18 |    20 |     2 ||    43
       Potion            |       |     5 |     6 |     3 |     6 |     4 ||    24
 Stab: Sleeping          |       |     3 |    10 |     9 |     6 |       ||    28
       Confused          |       |     2 |       |     2 |       |       ||     4
       Distracted        |       |       |     2 |       |     2 |       ||     4
       Petrified         |       |       |       |       |     2 |       ||     2
       Petrifying        |       |       |       |       |     1 |       ||     1
  Eat: Chunk             |     1 |     7 |    17 |    56 |   141 |    14 ||   236
       Pizza             |       |       |     1 |       |     2 |       ||     3
       Royal jelly       |       |       |       |     3 |       |       ||     3
       Beef jerky        |       |       |       |     2 |     4 |       ||     6
       Fruit             |       |       |       |    12 |       |       ||    12
       Meat ration       |       |       |       |     3 |    10 |     1 ||    14
       Bread ration      |       |       |       |     2 |     7 |     1 ||    10
